 Dungeon Crawl Stone Soup version 0.29.0-4-gdea44cf6ec (webtiles) character file.

Game seed: 9310942931006402117

62 qw the Chopper (level 4, -1/26 HPs)
             Began as a Tengu Warper on Aug 28, 2022.
             Slain by a hobgoblin
             ... wielding a +0 flail
             ... led by Robin
              (3 damage)
             ... on level 3 of the Dungeon.
             The game lasted 00:00:13 (2185 turns).

qw the Chopper (Tengu Warper)                       Turns: 2185, Time: 00:00:14

Health: -1/26      AC: 10    Str: 13    XL:     4   Next: 8%
Magic:  8/8        EV:  3    Int: 14    God:
Gold:   84         SH:  4    Dex: 13    Spells: 7/7 levels left

rFire   . . .      SeeInvis .   Y - +0 hand axe
rCold   . . .      Faith    .   d - +0 buckler
rNeg    . . .      Spirit   .   i - +0 plate armour
rPois   .          Reflect  .   (helmet restricted)
rElec   .          Harm     .   (no cloak)
rCorr   .          Rampage  .   (no gloves)
Will    .....                   (boots unavailable)
Stlth   ..........              (no amulet)
HPRegen 0.08/turn               (no ring)
MPRegen 0.11/turn               (no ring)

@: no status effects
A: beak, talons 3
a: no special abilities


You were on level 3 of the Dungeon.
You visited 1 branch of the dungeon, and saw 3 of its levels.

You collected 84 gold pieces.


Innate Abilities, Weirdness & Mutations

You have a beak for a mouth.
You have claws for feet.


   Skills:
 - Level 2.0 Fighting
 + Level 4.0 Axes
 - Level 1.0 Throwing
 - Level 2.0 Armour
 - Level 2.1 Dodging
 - Level 1.0 Shields
 - Level 2.0 Spellcasting
 - Level 2.4 Translocations


You had 7 spell levels left.
You didn't know any spells.
Your spell library contained the following spells:

 Spells                   Type           Power      Damage    Failure   Level
 Blink                    Tloc           16%        N/A       100%        2
 Gell's Gravitas          Tloc           8%         N/A       100%        3
 Lesser Beckoning         Tloc           8%         N/A       100%        3
 Teleport Other           Tloc           8%         N/A       100%        3
 Manifold Assault         Tloc           8%         N/A       100%        5

Inventory:

Hand Weapons
 c - a +1 flail of protection
 Y - a +0 hand axe (weapon)
Armour
 d - a +0 buckler (worn)
 i - a +0 plate armour (worn)
Scrolls
 e - 2 scrolls of identify {unknown}
Potions
 a - a potion of lignification {unknown}
 b - 2 potions of curing {unknown}
 h - a potion of heal wounds {unknown}
 j - a potion of flight {unknown}

Dungeon Overview and Level Annotations

Branches:
Dungeon (3/15)

Altars:

Annotations:
D:1 1 runed translucent door


Message History

You hit the goblin. The goblin hits you with a +0 club.
The goblin hits you but does no damage.
You hit Robin but do no damage. You claw Robin.
Robin is almost dead.
You barely miss the goblin. You hit the goblin.
You kill the goblin!
You block the goblin's attack. Robin hits you but does no damage.
You barely miss Robin. Your kick misses Robin.
Robin is almost dead.
You hit the goblin. The goblin barely misses you.
Robin throws the goblin at you!
You closely miss Robin. You claw Robin.
You kill Robin!
You miss the goblin. The goblin hits you with a +0 club.
Your Armour skill increases to level 2!
You have reached level 4!
You feel clever.
You hit the goblin.
The goblin is severely wounded.
You hit the goblin. You block the goblin's attack.
The goblin completely misses you.
You closely miss the goblin.
The goblin is severely wounded.
You hit the goblin. The goblin hits you with a +0 club.
The goblin hits you but does no damage.
You hit the goblin.
You kill the goblin!
You closely miss the goblin. You block the goblin's attack.
You miss the goblin. Your kick misses the goblin.
The goblin is severely wounded.
You hit the hobgoblin but do no damage.
The hobgoblin no longer looks unusually strong.
The goblin barely misses you. The hobgoblin hits you with a +0 flail!
The goblin hits you but does no damage. The hobgoblin hits you with a +0 flail.
You hit the goblin.
You kill the goblin!
You hit the hobgoblin. The hobgoblin hits you with a +0 flail.
You die...

..#
#.#.#######.#
..# #.#.# #.#
#.#.# #.#
#[#.# #.#
#.#.#######.#
#.#.........#
#.###########
#)# #@#
......g)#
#########


You could see a hobgoblin.

Vanquished Creatures
  Robin (D:3)
  2 dart slugs (D:2)
  5 bats
  An endoplasm (D:1)
  3 giant cockroaches
  11 goblins
  5 hobgoblins
  6 ball pythons
  A frilled lizard (D:1)
  7 kobolds
  2 rats
44 creatures vanquished.

Notes
Turn   | Place    | Note
-------+----------+-------------------------------------------
     0 | D:1      | qw the Tengu Warper began the quest for the Orb.
     0 | D:1      | Reached XP level 1. HP: 12/12 MP: 4/4
     0 | D:1      | 0 ||| qw: Version: 0.1-a-89-g26bdef1
     0 | D:1      | 0 ||| qw: Game counter: 1395
     0 | D:1      | 0 ||| qw: Always use a shield: true
     0 | D:1      | 0 ||| qw: God list: Okawaru
     0 | D:1      | 0 ||| qw: Allow faded altars: false
     0 | D:1      | 0 ||| qw: Do Orc after D:15 true
     0 | D:1      | 0 ||| qw: Do second Lair branch before Depths: true
     0 | D:1      | 0 ||| qw: Lair rune preference: random
     0 | D:1      | 0 ||| qw: Plans: Normal
     0 | D:1      | 0 ||| PLANNING D:1-11
     1 | D:1      | Found a runed translucent door.
     1 | D:1      | Noticed a jelly
   114 | D:1      | 114 ||| Stepping ~*~*~tactically~*~*~ (stealth).
   116 | D:1      | 116 ||| Stepping ~*~*~tactically~*~*~ (stealth).
   184 | D:1      | 184 ||| Stepping ~*~*~tactically~*~*~ (stealth).
   185 | D:1      | 185 ||| Stepping ~*~*~tactically~*~*~ (stealth).
   189 | D:1      | Reached skill level 3 in Axes
   189 | D:1      | Reached XP level 2. HP: 17/17 MP: 6/6
   404 | D:1      | 404 ||| DROPPING +0 club.
   438 | D:1      | 438 ||| Stepping ~*~*~tactically~*~*~ (stealth).
   440 | D:1      | 440 ||| Stepping ~*~*~tactically~*~*~ (stealth).
   860 | D:1      | 860 ||| Stepping ~*~*~tactically~*~*~ (stealth).
   959 | D:1      | 959 ||| UPGRADING to +0 buckler.
   964 | D:1      | 964 ||| UPGRADING to +0 chain mail.
   974 | D:1      | 974 ||| DROPPING +0 leather armour.
   975 | D:1      | 975 ||| UPGRADING to +0 plate armour.
   985 | D:1      | 985 ||| DROPPING +0 chain mail.
   986 | D:1      | 986 ||| READING scroll labelled HAPUHA KIFI.
   987 | D:1      | 987 ||| READING scroll labelled MANIFU MERASCH.
  1037 | D:1      | 1037 ||| READING scroll labelled IKLEGI IR ONGUR.
  1038 | D:1      | 1038 ||| DROPPING scroll of blinking.
  1077 | D:2      | Reached XP level 3. HP: 21/21 MP: 7/7
  1229 | D:2      | 1229 ||| FLEEEEING.
  1232 | D:2      | 1232 ||| FLEEEEING.
  1233 | D:2      | 1233 ||| FLEEEEING.
  1235 | D:2      | 1235 ||| STAIRDANCE
  1360 | D:2      | Reached skill level 1 in Shields
  1485 | D:2      | 1485 ||| DROPPING +0 whip.
  1803 | D:2      | 1803 ||| READING scroll labelled HUXZEZXELO.
  1820 | D:3      | 1820 ||| PLANNING SEWER
  1987 | D:3      | 1987 ||| Stepping ~*~*~tactically~*~*~ (stealth).
  2003 | D:3      | Reached skill level 4 in Axes
  2157 | D:3      | 2157 ||| Stepping ~*~*~tactically~*~*~ (stealth).
  2170 | D:3      | Noticed Robin
  2180 | D:3      | Killed Robin
  2181 | D:3      | Reached XP level 4. HP: 16/26 MP: 8/8
  2184 | D:3      | HP: 3/26 [hobgoblin/+0 flail[Robin] (10)]
  2185 | D:3      | Slain by a hobgoblin

Levels and vault maps discovered:
D:1:      dpeg_arrival_caged_fury, layout_basic
D:2:      layout_basic
D:3:      layout_basic, mainiacjoe_overflow_brackets, portal_sewer_entry_d,
          gammafunk_ghost_nasty_kobolds, uniq_robin

Skill      XL: |  1  2  3 |
---------------+----------+-----
Axes           | 3 4 |  4.0
Shields        | 1 |  1.0
Armour         | 2 |  2.0
Fighting       | |  2.0
Throwing       | |  1.0
Dodging        | |  2.1
Spellcasting   | |  2.0
Translocations | |  2.4

Action                   |  1- 3 |  4- 6 || total
-------------------------+-------+-------++-------
Melee: Hand axe          |    81 |     5 ||    86
       Peck              |     8 |       ||     8
       Kick              |    23 |       ||    23
Throw: Boomerang         |     7 |       ||     7
  Use: Scroll            |     4 |       ||     4
Armor: Leather armour    |     9 |       ||     9
       Plate armour      |    27 |     2 ||    29
Dodge: Dodged            |    21 |     2 ||    23
Block: Buckler           |     5 |     2 ||     7

Table legend:
 A = Non-vault XP
 B = Vault XP
 C = Vault XP percentage of total XP
 D = Non-vault monster count
 E = Vault monster count
 F = Vault count percentage of total count
                 A         B        C        D         E       F
            +---------+---------+-------+---------+---------+-------
      Total |      64 |      27 |  29.7 |      37 |       7 |  15.9
            +---------+---------+-------+---------+---------+-------
        D:1 |      32 |       0 |   0.0 |      20 |       0 |   0.0
        D:2 |      16 |       0 |   0.0 |       8 |       0 |   0.0
        D:3 |      16 |      27 |  62.8 |       9 |       7 |  43.8
            +---------+---------+-------+---------+---------+-------
